 Dungeon Crawl Stone Soup version 0.29-a0-925-g0a7a3d12f8 (webtiles) character file.

Game seed: 7284616895763219217

94875 Sobieck the Eclecticist (level 16, -15/121 HPs)
             Began as a Djinni Conjurer on July 27, 2022.
             Was the Champion of Makhleb.
             Shot with a bolt by Vashnia (31 damage)
             ... on level 1 of the Snake Pit on July 28, 2022.
             The game lasted 01:41:53 (30469 turns).

Sobieck the Eclecticist (Djinni Conjurer)          Turns: 30469, Time: 01:41:53

Health: -15/121    AC: 11    Str:  8    XL:     16   Next: 61%
Gold:   2273       EV: 15    Int: 25    God:    Makhleb [******] SH:  6 Dex: 15

rFire   + + .      SeeInvis .   G - +0 sling of the Usurping Gods {venom, rElec rPois}
rCold   x . .      Faith    .   C - +0 buckler
rNeg    . . .      Spirit   .   g - +0 troll leather armour
rPois   ∞          Reflect  .   N - +2 hat {Stlth+}
rElec   +          Harm     .   k - +2 cloak
rCorr   +          Rampage  .   T - -1 pair of gloves of the Harvest Moon {Regen+ Str+2}
Will    ++...                   (boots unavailable)
Stlth   ++++......              (no amulet)
HPRegen 1.90/turn               f - ring of resist corrosion
MPRegen 0.00/turn               v - ring of willpower

@: flying
A: sickness immunity, fire resistance 2, cold vulnerability 1, float, innate
caster, HP casting, extra vitality 1
a: Renounce Religion, Minor Destruction, Lesser Servant of Makhleb, Major
Destruction, Greater Servant of Makhleb


You were on level 1 of the Snake Pit.
You worshipped Makhleb.
Makhleb was exalted by your worship.
You visited 5 branches of the dungeon, and saw 25 of its levels.

You collected 2459 gold pieces.
You spent 186 gold pieces at shops.


Innate Abilities, Weirdness & Mutations

You are immune to sickness and miasma.
You are immune to poison.
Your flesh is very heat resistant. (rF++)
You are vulnerable to cold. (rC-)
You float through the air rather than walking.
You learn spells naturally, not from books.
Your magical power is your life essence.
You have superior vitality. (+4 MHP)


   Skills:
 - Level 13.0 Fighting
 + Level 7.7 Armour
 - Level 9.0 Dodging
 - Level 5.0 Stealth
 + Level 6.0 Shields
 - Level 17.0 Spellcasting


You had 11 spell levels left.
You knew the following spells:

 Your Spells              Type           Power      Damage    Failure   Level
a - Magic Dart            Conj           100%       1d8       0%          1
b - Searing Ray           Conj           100%       2d8       0%          2
c - Dazzling Flash        Conj/Hex       100%       N/A       0%          3
d - Fulminant Prism       Conj/Hex       41%        3d20      1%          4
e - Iskenderun's Mystic   Conj/Tloc      82%        2d16      1%          4
f - Beastly Appendage     Tmut           100%       N/A       0%          1
g - Poisonous Vapours     Pois/Air       100%       N/A       0%          2
h - Ensorcelled Hibernat  Hex/Ice        100%       N/A       0%          2
i - Hailstorm             Conj/Ice       82%        3d17      1%          4
j - Summon Ice Beast      Ice/Summ       82%        N/A       1%          4
k - Blade Hands           Tmut           41%        N/A       1%          5
l - Simulacrum            Ice/Necr       41%        N/A       1%          6
Your spell library was empty.

Inventory:

Hand Weapons
 l - a +0 dagger {short}
   (You found it on level 1 of the Dungeon)
 G - the +0 sling of the Usurping Gods (weapon) {venom, rElec rPois}
   (You found it on level 7 of the Dungeon)

   Any ammunition fired from it poisons the flesh of those it strikes.
   rElec:     It insulates you from electricity.
   rPois:     It protects you from poison.
 P - a +2 broad axe {axe}
   (You found it on level 3 of the Dungeon)
Missiles
 b - a throwing net {=f!fthrowing}
 d - 169 stones {throwing}
 w - 8 curare-tipped darts {=fthrowing}
 F - 10 javelins {throwing}
 J - 22 poisoned darts {throwing}
 S - 25 boomerangs {throwing}
Armour
 g - a +0 troll leather armour (worn)
   (You found it on level 1 of the Orcish Mines)
 k - a +2 cloak (worn)
   (You found it on level 1 of the Dungeon)
 n - a +2 pair of gloves
   (You found it on level 6 of the Dungeon)
 C - a +0 buckler (worn)
   (You took it off a tengu conjurer on level 15 of the Dungeon)
 M - a +0 ring mail
   (You took it off an orc on level 3 of the Dungeon)
 N - a +2 hat of stealth (worn)
   (You took it off Gastronok on level 8 of the Dungeon)
 O - a +0 chain mail
   (You found it on level 3 of the Dungeon)
 R - a +0 robe
   (You took it off an orc wizard on level 3 of the Dungeon)
 T - the -1 pair of gloves of the Harvest Moon (worn) {Regen+ Str+2}
   (You acquired it on level 1 of the Snake Pit)

   Str:       It affects your strength (+2).
   Regen:     It increases your rate of health regeneration.
 U - a +0 pair of gloves
   (You found it on level 3 of the Dungeon)
 V - a +0 ring mail
   (You found it on level 3 of the Dungeon)
 X - a +0 ring mail
   (You found it on level 5 of the Dungeon)
 Y - a +0 robe
   (You took it off a wight on level 7 of the Dungeon)
 Z - a +0 robe
   (You took it off a wight on level 7 of the Dungeon)
Jewellery
 f - a ring of resist corrosion (left hand)
   (You found it on level 5 of the Lair of Beasts)
 h - a +4 ring of slaying
   (You found it on level 11 of the Dungeon)
 q - a ring of protection from fire
   (You found it on level 14 of the Dungeon)
 t - an amulet of faith {!P}
   (You found it on level 6 of the Dungeon)
 v - a ring of willpower (right hand)
   (You found it on level 15 of the Dungeon)
 D - a ring of fire
   (You found it on level 4 of the Lair of Beasts)
Wands
 s - a wand of iceblast (11)
   (You found it on level 2 of the Lair of Beasts)
 y - a wand of mindburst (5)
   (You found it on level 10 of the Dungeon)
 L - a wand of quicksilver (5)
   (You found it on level 2 of the Lair of Beasts)
Scrolls
 a - a scroll of magic mapping {!r}
 c - 4 scrolls of fear
 e - 4 scrolls of poison
 i - a scroll of silence {!r}
 r - 3 scrolls of butterflies
 x - 7 scrolls of identify {@r1}
 H - 4 scrolls of blinking {!r}
 W - 3 scrolls of teleportation {@r4}
Potions
 j - 8 potions of attraction {!q}
 m - 14 potions of curing {@q1}
 o - 5 potions of might
 p - 3 potions of brilliance
 u - 5 potions of mutation {!q}
 z - 4 potions of cancellation
 A - 2 potions of lignification {!q}
 B - 4 potions of haste {@q3}
 E - 2 potions of invisibility
 I - a potion of resistance
 K - a potion of berserk rage {!q}
 Q - 4 potions of heal wounds {@q2}

Dungeon Overview and Level Annotations

Branches:
Dungeon (15/15) Zot: 25656  Temple (1/1) D:4 Zot: 5958    Lair (5/5) D:9 Zot: 20275
 Shoals (0/4) Lair:2        Snake (2/4) Lair:3 Zot: 10980   Slime (0/5) Lair:5
    Orc (2/2) D:9 Zot: 11139  Vaults (0/5) D:14         Depths (0/4) D:15
    Elf: Orc:2

Altars:
Ashenzari
Cheibriados
Dithmenos
Elyvilon
Fedhas
Gozag
Hepliaklqana
Makhleb
Nemelex Xobeh
Okawaru
Qazlal
Ru
Trog
Uskayaw
Wu Jian
Xom
Yredelemnul
Zin
The Shining One
Jiyva

Shops:
D:6 ?   D:9 (   D:15 *

Annotations:
D:9 6 transporters
D:10 2 transporters
Temple 2 transporters
Lair:1 exclusion: downstairs
Snake:1 Louise, Vashnia
Snake:2 Frances
Orc:2 Saint Roka

........?....[.........#
..........#####.....####
..........# #......## #
..........# ##......##### #
..N......## #..........### #
.........# ##...........## #
.....?..## ##...........## #
........##########............###
..i...>....).)§.@..).............
........).N..[N.[....)...........
....§.............)..............
.............)................###
..N.........###########........##
....##...(..# #.........#
######......# #.^.......#
##......# #.......... #.......#
#..........


You could see Vashnia and a naga sharpshooter.


Message History

Agnes barely misses you. x2
There is a staircase back to the Lair here.
Danger!
Unknown command.
Agnes hits you but does no damage.
The naga sharpshooter shoots an arrow.
The arrow barely misses you. You block Agnes's attack.
You fly upwards.
Welcome back to the Lair of Beasts!
There is a staircase to the Snake Pit here.
Unknown command.
Casting: Iskenderun's Mystic Blast (safe; 1% risk of failure)
Confirm with . or Enter, or press ? or * to list all spells.
You erupt in a blast of force!
The mystic blast hits Agnes!
Agnes is knocked back by the mystic blast.
Agnes slams into the stone wall!
Casting: Iskenderun's Mystic Blast (safe; 1% risk of failure)
Confirm with . or Enter, or press ? or * to list all spells.
Casting: Hailstorm (safe; 1% risk of failure)
Press: ? - help, Dir - look around, f - activate A cannonade of hail descends around you!
The hail pelts Agnes!!
Agnes partially resists.
Casting: Hailstorm (safe; 1% risk of failure)
Confirm with . or Enter, or press ? or * to list all spells.
You erupt in a blast of force!
The mystic blast hits Agnes!
Agnes is knocked back by the mystic blast.
Agnes slams into the stone wall!
Casting: Iskenderun's Mystic Blast (safe; 1% risk of failure)
Confirm with . or Enter, or press ? or * to list all spells.
You erupt in a blast of force!
The mystic blast hits Agnes!!
You kill Agnes!
Makhleb accepts your kill.
You feel better.
Your Shields skill increases to level 6!
You start resting.
u - 5 potions of mutation {!q} (gained 1)
Things that are here:
a +1 antimagic lajatang {staff}; a +2 robe of cold resistance
There is a staircase to the Snake Pit here.
You fly downwards.
Welcome back to the Snake Pit!
This branch contains the serpentine rune of Zot.
Level annotation: Louise, Vashnia Louise says, "Even the Abyss couldn't kill me!
What makes you think you can?"
The naga sharpshooter shoots an arrow.
The arrow hits you!!
There is a staircase back to the Lair here.
Danger!
Casting: Iskenderun's Mystic Blast (safe; 1% risk of failure)
Confirm with . or Enter, or press ? or * to list all spells.
Aiming: Simulacrum (mildly dangerous; 1% risk of failure)
Press: ? - help, Shift-Dir - straight line, f - Louise
Aim: Louise, wielding a +1 demon trident of flaming, wearing a +1 chain mail of cold resistance and wearing a +0 tower shield
Okay, then.
Unknown command.
Casting: Simulacrum (mildly dangerous; 1% risk of failure)
Confirm with . or Enter, or press ? or * to list all spells.
Aiming: Fulminant Prism (safe; 1% risk of failure)
Press: ? - help, Dir - move target You conjure a prism of explosive energy!
A fulminant prism comes into view.
The naga sharpshooter shoots an arrow.
The arrow hits your fulminant prism!!
Casting: Fulminant Prism (safe; 1% risk of failure)
Confirm with . or Enter, or press ? or * to list all spells.
Aiming: Fulminant Prism (safe; 1% risk of failure)
Press: ? - help, Dir - move target You conjure a prism of explosive energy!
A fulminant prism comes into view.
The naga sharpshooter shoots an arrow.
The arrow hits you!
Casting: Fulminant Prism (safe; 1% risk of failure)
Confirm with . or Enter, or press ? or * to list all spells.
Casting: Hailstorm (safe; 1% risk of failure)
Press: ? - help, Dir - look around, f - activate A cannonade of hail descends around you!
The hail pelts Louise!
Louise partially resists.
Louise points at you and mumbles some strange words.
The bolt of lightning hits you! You resist.
The naga sharpshooter shoots an arrow.
The arrow hits you.
Your fulminant prism crackles loudly.
Casting: Hailstorm (safe; 1% risk of failure)
Confirm with . or Enter, or press ? or * to list all spells.
Casting: Hailstorm (safe; 1% risk of failure)
Press: ? - help, Dir - look around, f - activate A cannonade of hail descends around you!
The hail pelts Louise!!
Louise partially resists.
The hail pelts Vashnia!
Vashnia partially resists.
Louise hits you from afar with a +1 demon trident of flaming.
The blast of energy engulfs Vashnia!!
The blast of energy engulfs Louise!
Casting: Hailstorm (safe; 1% risk of failure)
Confirm with . or Enter, or press ? or * to list all spells.
Casting: Hailstorm (safe; 1% risk of failure)
Press: ? - help, Dir - look around, f - activate A cannonade of hail descends around you!
The hail pelts Louise!!
Louise partially resists.
The hail pelts Vashnia!
Vashnia partially resists.
* * * LOW HITPOINT WARNING * * *
Louise casts a spell.
Louise blinks!
Vashnia unwields a +2 glaive of protection.
Vashnia wields a +2 arbalest of freezing.
It is covered in frost.
Vashnia shoots a bolt.
The bolt hits you!!!
* * * LOW HITPOINT WARNING * * *
The bolt freezes you!!
You die...

Skill      XL: |  1  2  3  4  5  6  7  8  9 10 11 12 13 14 15 16 |
---------------+-------------------------------------------------+-----
Spellcasting   | 4 5 6 7 8 10 12 14 15 17 | 17.0
Fighting       | 3 8 12 13 | 13.0
Dodging        | 4 5 8 9 |  9.0
Stealth        | 5 |  5.0
Armour         | 4 7 |  7.7
Shields        | 6 |  6.0

Action                   |  1- 3 |  4- 6 |  7- 9 | 10-12 | 13-15 | 16-18 || total
-------------------------+-------+-------+-------+-------+-------+-------++-------
Melee: Broad axe         |       |       |     2 |       |       |       ||     2
       Unarmed           |       |       |       |       |     9 |       ||     9
       Sling             |       |       |       |       |     1 |       ||     1
 Fire: Sling             |       |       |       |    21 |     9 |     3 ||    33
 Cast: Magic Dart        |    25 |    48 |    96 |       |       |       ||   169
       Searing Ray       |     3 |    14 |    23 |     3 |       |       ||    43
       Poisonous Vapours |       |     4 |     3 |     8 |    11 |       ||    26
       Iskenderun's Myst |       |       |    16 |    40 |   120 |    24 ||   200
       Fulminant Prism   |       |       |    31 |   104 |   321 |    68 ||   524
       Hailstorm         |       |       |     5 |     9 |    52 |    40 ||   106
       Ensorcelled Hiber |       |       |     1 |       |     2 |     1 ||     4
       Summon Ice Beast  |       |       |       |     1 |     1 |       ||     2
       Dazzling Flash    |       |       |       |     1 |     1 |       ||     2
       Blade Hands       |       |       |       |       |     2 |       ||     2
       Simulacrum        |       |       |       |       |     2 |     1 ||     3
  Use: Scroll            |       |    11 |     5 |     9 |     4 |     4 ||    33
       Potion            |       |       |     3 |       |       |       ||     3
 Stab: Sleeping          |       |       |     1 |       |       |       ||     1
Armor: Robe              |     1 |       |     5 |    13 |    14 |       ||    33
       Troll leather arm |       |       |       |       |    17 |    15 ||    32
Dodge: Dodged            |     6 |    11 |    28 |    26 |    88 |    48 ||   207
Block: Buckler           |       |       |       |       |       |    11 ||    11

Levels and vault maps discovered:
D:1:      dpeg_arrival_concentric_ovals, layout_basic
D:2:      layout_basic, hellmonk_ecumenical_altar_prayer_group,
          minmay_misc_feat_tower, serial_bayou_ford_a, minmay_misc_feat_square,
          hangedman_abyss_or_decor_lesser_grid, grunt_decor_junction,
          uniq_natasha
D:3:      layout_rooms, mainiacjoe_overflow_alcove_1
D:4:      layout_loops_ring, mainiacjoe_overflow_alcove_2, kennysheep_mini,
          gammafunk_temple_overflow_wave, temple_hall
D:5:      layout_basic
D:6:      layout_cave_pools, serial_shops, shop
D:7:      layout_basic, minmay_crystal_room
D:8:      layout_basic, overflow_temple_1_default,
          nicolae_qazlal_style_of_elements, vehumet_altar_wand_db,
          dreamdust_princess_bridge, uniq_gastronok
D:9:      layout_irregular_city, lair_entry_dummy, orc_david_3,
          serial_nicolae_subway, nicolae_sub_station_stone,
          nicolae_sub_station_metal, nicolae_sub_station_crystal
D:10:     layout_long_grid, lemuel_doored_altar,
          gammafunk_temple_overflow_arena, kennysheep_little_box
D:11:     layout_loops_ring, uniq_grum
D:12:     layout_cave_pools, portal_ice_cave_rime
D:13:     layout_irregular_city, uniq_snorg, uniq_urug
D:14:     layout_irregular_city, skrybe_vaults_entry_preservation,
          serial_column_ruins, column_ruins_temple_hut, column_ruins_hut_water,
          column_ruins_columns_straight, column_ruins_corridor_corner,
          column_ruins_columns_plus, column_ruins_open_tiny_water,
          column_ruins_columns_straight, lemuel_blue_sif_altar
D:15:     hangedman_depths_entry_try_elsewhere_first, layout_irregular_city,
          hangedman_abyss_or_decor_clamps, serial_shops, shop
Temple:   hellmonk_temple_divided_pantheon
Lair:1:   layout_regular_city
Lair:2:   layout_cellular_growth, elwin_shoals_entry_rooms,
          grunt_forest_stairs_clearing
Lair:3:   layout_small_grid, minmay_snake_entry_guardpost_medium,
          enter_volcano_2
Lair:4:   layout_regular_city, guppyfry_lair_drakes, lemuel_fruit_fields,
          uniq_sonja
Lair:5:   wormcave, layout_gridlike, guppyfry_lair_end_dragon, slime_entry_1,
          columned_hall_lemuel, cheibrodos_lair_lostbears,
          infiniplex_staircase_pool
Snake:1:  layout_onion, nicolae_snake_yet_another_twisty_hallway, uniq_aizul,
          uniq_rupert
Snake:2:  layout_rooms, serial_shops, shop, nrook_guardian_serpent_double,
          uniq_louise, uniq_jorgrun, uniq_vashnia, uniq_agnes, uniq_roxanne,
          uniq_frances
Orc:1:    layout_diamond_mine
Orc:2:    grunt_orc_gardens, layout_caves, grunt_orc_garden, grunt_orc_garden,
          grunt_orc_garden, grunt_orc_garden, basic_altar, uniq_saint_roka

Notes
Turn   | Place    | Note
-------+----------+-------------------------------------------
     0 | D:1      | Sobieck the Djinni Conjurer began the quest for the Orb.
     0 | D:1      | Sobieck set off with the following spells memorised: Magic
                  | Dart, Searing Ray, Dazzling Flash, Fulminant Prism,
                  | Iskenderun's Mystic Blast.
     0 | D:1      | Reached XP level 1. HP: 15/15 MP: 0/0
   367 | D:1      | Reached XP level 2. HP: 18/21 MP: 0/0
  1589 | D:2      | Noticed Natasha
  1813 | D:2      | Killed Natasha
  1814 | D:2      | Reached skill level 4 in Spellcasting
  1814 | D:2      | Reached XP level 3. HP: 18/25 MP: 0/0
  1814 | D:2      | Learned a level 1 spell: Beastly Appendage
  1922 | D:2      | Noticed Natasha
  1927 | D:2      | Killed Natasha
  1928 | D:2      | Reached XP level 4. HP: 26/31 MP: 0/0
  2290 | D:2      | Reached XP level 5. HP: 33/35 MP: 0/0
  2290 | D:2      | Learned a level 2 spell: Poisonous Vapours
  2491 | D:2      | Noticed Natasha
  2499 | D:2      | Killed Natasha
  2500 | D:2      | Reached skill level 5 in Spellcasting
  2709 | D:2      | Found a faded altar of an unknown god.
  3407 | D:3      | Reached XP level 6. HP: 29/40 MP: 0/0
  3690 | D:3      | Found a basalt altar of Yredelemnul.
  3962 | D:4      | Noticed an ogre
  3971 | D:4      | Killed an ogre
  4059 | D:4      | Found an ornate altar of the Wu Jian Council.
  4059 | D:4      | Found an opulent altar of Gozag.
  4166 | D:4      | You are sucked into a shaft and drop 3 floors!
  4194 | D:7      | Reached skill level 6 in Spellcasting
  4194 | D:7      | Reached XP level 7. HP: 42/45 MP: 0/0
  4194 | D:7      | Learned a level 2 spell: Ensorcelled Hibernation
  4693 | D:7      | Reached skill level 7 in Spellcasting
  4693 | D:7      | Reached XP level 8. HP: 39/50 MP: 0/0
  5102 | D:7      | Reached skill level 8 in Spellcasting
  5524 | D:5      | Entered Level 5 of the Dungeon
  6075 | D:5      | Reached XP level 9. HP: 24/55 MP: 0/0
  6075 | D:5      | Learned a level 4 spell: Hailstorm
  6646 | D:4      | Reached skill level 9 in Spellcasting
  7004 | D:4      | Found a staircase to the Ecumenical Temple.
  7052 | D:4      | Found a snail-covered altar of Cheibriados.
  7105 | Temple   | Entered the Ecumenical Temple
  7105 | Temple   | Found a transporter.
  7105 | Temple   | Found a transporter.
  7107 | Temple   | Found a transporter.
  7107 | Temple   | Found a transporter.
  7133 | Temple   | Became a worshipper of Makhleb the Destroyer
  7267 | D:4      | Found a bloodstained altar of Trog.
  8785 | D:6      | Reached skill level 10 in Spellcasting
  9146 | D:6      | Reached skill level 1 in Fighting
  9184 | D:6      | Reached * piety under Makhleb
  9201 | D:6      | Reached skill level 3 in Dodging
  9233 | D:6      | Reached skill level 2 in Fighting
  9399 | D:6      | Found Akimykenn's Magic Scroll Shop.
  9410 | D:6      | Reached skill level 4 in Dodging
  9416 | D:6      | Bought 2 scrolls of fear for 96 gold pieces
  9416 | D:6      | Bought a scroll of blinking for 90 gold pieces
  9536 | D:6      | Identified the +3 hand axe "Rokuoc" {protect, Dex+4}
  9967 | D:7      | Identified the +0 sling of the Usurping Gods {venom, rElec
                  | rPois}
 10067 | D:8      | Noticed Gastronok
 10252 | D:8      | Reached skill level 3 in Fighting
 10252 | D:8      | Reached XP level 10. HP: 41/67 MP: 0/0
 10385 | D:8      | Found a stormy altar of Qazlal.
 10639 | D:8      | Killed Gastronok
 10640 | D:8      | Reached skill level 6 in Fighting
 10640 | D:8      | Reached skill level 5 in Dodging
 10854 | D:8      | Reached skill level 7 in Fighting
 11211 | D:8      | Found a glowing silver altar of Zin.
 11598 | D:9      | Noticed a two-headed ogre
 11603 | D:9      | Noticed a two-headed ogre
 11606 | D:9      | Killed a two-headed ogre
 11607 | D:9      | Reached skill level 8 in Fighting
 11613 | D:9      | Killed a two-headed ogre
 11614 | D:9      | Reached XP level 11. HP: 61/81 MP: 0/0
 11614 | D:9      | Learned a level 4 spell: Summon Ice Beast
 11743 | D:9      | Found a staircase to the Orcish Mines.
 11745 | D:9      | Found Ilyuck's Weapon Emporium.
 12103 | D:9      | Found a transporter.
 12103 | D:9      | Found a transporter.
 12117 | D:9      | Found a staircase to the Lair.
 12323 | D:9      | Found a transporter.
 12327 | D:9      | Found a transporter.
 12335 | D:9      | Found a transporter.
 12340 | D:9      | Found a transporter.
 12403 | D:10     | Entered Level 10 of the Dungeon
 12425 | D:10     | Found a transporter.
 12425 | D:10     | Noticed a cyclops
 12427 | D:10     | Found a transporter.
 12472 | D:10     | Reached skill level 11 in Spellcasting
 12617 | D:10     | Noticed a centaur warrior
 12771 | Lair:1   | Entered Level 1 of the Lair of Beasts
 13146 | Lair:1   | Reached ** piety under Makhleb
 13727 | Lair:2   | Noticed an elephant
 13727 | Lair:2   | Noticed an elephant
 13727 | Lair:2   | Noticed an elephant
 13727 | Lair:2   | Noticed an elephant
 13727 | Lair:2   | Noticed an elephant
 13740 | Lair:1   | Killed an elephant
 13920 | Lair:2   | Reached skill level 12 in Spellcasting
 14456 | Lair:2   | Noticed a seven-headed hydra
 14468 | Lair:2   | Killed a seven-headed hydra
 14469 | Lair:2   | Reached XP level 12. HP: 71/86 MP: 0/0
 14777 | Lair:2   | Noticed a five-headed hydra
 14786 | Lair:2   | Killed a five-headed hydra
 14787 | Lair:2   | Reached skill level 13 in Spellcasting
 15246 | Lair:2   | Found a staircase to the Shoals.
 15355 | Lair:2   | Noticed a six-headed hydra
 15376 | Lair:2   | Killed a six-headed hydra
 15976 | Lair:3   | Found a staircase to the Snake Pit.
 16123 | Lair:3   | Reached *** piety under Makhleb
 16136 | Lair:3   | Reached skill level 14 in Spellcasting
 16147 | Lair:3   | Noticed a boulder beetle
 16448 | Lair:3   | Killed a boulder beetle
 17160 | Lair:3   | Noticed a five-headed hydra
 17170 | Lair:3   | Killed a five-headed hydra
 17557 | Lair:4   | Reached XP level 13. HP: 89/92 MP: 0/0
 17557 | Lair:4   | Learned a level 5 spell: Blade Hands
 17557 | Lair:4   | Noticed Sonja
 17567 | Lair:4   | Killed Sonja
 18018 | Lair:4   | Reached skill level 15 in Spellcasting
 18731 | Lair:5   | Entered Level 5 of the Lair of Beasts
 18748 | Lair:5   | Reached skill level 9 in Fighting
 18881 | Lair:5   | Noticed a seven-headed hydra
 18887 | Lair:4   | Killed a seven-headed hydra
 19067 | Lair:5   | Noticed a boulder beetle
 19078 | Lair:4   | Killed a boulder beetle
 19285 | Lair:4   | Reached skill level 10 in Fighting
 19318 | Lair:5   | Reached **** piety under Makhleb
 19495 | Lair:5   | Reached skill level 11 in Fighting
 19793 | Lair:5   | Found a runed translucent door.
 20147 | Lair:5   | Noticed a fire dragon
 20158 | Lair:5   | Reached skill level 12 in Fighting
 20268 | Lair:5   | Reached XP level 14. HP: 84/107 MP: 0/0
 20675 | Lair:5   | Reached ***** piety under Makhleb
 20809 | Lair:5   | Reached skill level 2 in Stealth
 20851 | Lair:5   | Reached skill level 13 in Fighting
 21427 | Lair:5   | Found a staircase to the Slime Pits.
 21427 | Lair:5   | Found a viscous altar of Jiyva.
 21599 | Lair:5   | Reached skill level 3 in Stealth
 21649 | Lair:5   | Reached skill level 6 in Dodging
 22314 | Orc:1    | Entered Level 1 of the Orcish Mines
 22332 | Orc:1    | Noticed an orc warlord
 22346 | Orc:1    | Killed an orc warlord
 22347 | Orc:1    | Reached skill level 4 in Stealth
 22690 | Orc:1    | Reached skill level 7 in Dodging
 23285 | Orc:2    | Entered Level 2 of the Orcish Mines
 23285 | Orc:2    | Noticed Saint Roka
 23428 | D:10     | Reached skill level 5 in Stealth
 23820 | D:10     | Reached skill level 8 in Dodging
 23972 | D:10     | Found an iron altar of Okawaru.
 24025 | D:10     | Reached ****** piety under Makhleb
 24169 | D:10     | Found a shadowy altar of Dithmenos.
 24407 | D:11     | Reached XP level 15. HP: 114/114 MP: 0/0
 24407 | D:11     | Learned a level 6 spell: Simulacrum
 24473 | D:11     | Noticed Grum
 24500 | D:11     | Killed Grum
 25269 | D:12     | Reached skill level 9 in Dodging
 25847 | D:13     | Reached skill level 16 in Spellcasting
 25878 | D:13     | Noticed Urug
 25888 | D:13     | Killed Urug
 26063 | D:13     | Noticed Snorg
 26075 | D:13     | Killed Snorg
 27004 | D:14     | Noticed an ironbound preserver
 27016 | D:14     | Killed an ironbound preserver
 27017 | D:14     | Reached skill level 17 in Spellcasting
 27030 | D:14     | Reached skill level 1 in Armour
 27046 | D:14     | Found a gate to the Vaults.
 27082 | D:14     | HP: 28/114 [centaur/arrow[a centaur warrior] (7)]
 27084 | D:14     | Reached skill level 2 in Armour
 27209 | D:14     | Got the Opusculum on Metal and Conduction
 27334 | D:14     | Reached skill level 3 in Armour
 27443 | D:14     | Found a faded altar of an unknown god.
 27863 | D:15     | Entered Level 15 of the Dungeon
 27971 | D:15     | Reached skill level 4 in Armour
 28060 | D:15     | Reached XP level 16. HP: 121/121 MP: 0/0
 28184 | D:15     | Identified the +0 robe of Kleptomania {Dex+4}
 28424 | D:15     | Reached skill level 1 in Shields
 28442 | D:15     | Reached skill level 5 in Armour
 28538 | D:15     | Reached skill level 2 in Shields
 28843 | D:15     | Found Zopa's General Store.
 28890 | D:15     | Found a staircase to the Depths.
 28966 | D:15     | Upgraded the game from 0.29-a0-923-g6e406bff71 to
                  | 0.29-a0-925-g0a7a3d12f8
 29016 | D:15     | Reached skill level 3 in Shields
 29358 | Snake:1  | Entered Level 1 of the Snake Pit
 29445 | Snake:1  | Reached skill level 6 in Armour
 29461 | Snake:1  | Noticed Rupert
 29469 | Snake:1  | Killed Rupert
 29470 | Snake:1  | Reached skill level 4 in Shields
 29737 | Snake:1  | Identified a scroll of acquirement
 29738 | Snake:1  | Acquired the -1 pair of gloves of the Harvest Moon {Regen+
                  | Str+2}
 29793 | Snake:1  | Noticed Aizul
 29811 | Snake:1  | Killed Aizul
 29812 | Snake:1  | Reached skill level 5 in Shields
 29828 | Snake:1  | Reached skill level 7 in Armour
 30406 | Snake:2  | Noticed Louise
 30406 | Snake:2  | Noticed Frances
 30409 | Snake:2  | Noticed Vashnia
 30409 | Snake:2  | Noticed Agnes
 30454 | Lair:3   | Killed Agnes
 30455 | Lair:3   | Reached skill level 6 in Shields
 30469 | Snake:1  | HP: 16/121 [Vashnia/bolt (46)]
 30469 | Snake:1  | Shot with a bolt by Vashnia

Vanquished Creatures
  Rupert (Snake:1)
  Gastronok (D:8)
  Agnes (Lair:3)
  An orc warlord (Orc:1)
  Aizul (Snake:1)
  An ironbound preserver (D:14)
  A dire elephant (D:15)
  Snorg (D:13)
  2 fire dragons (Lair:5)
  3 boulder beetles
  A rakshasa (D:14)
  9 hydras
  9 centaur warriors
  A tengu warrior (D:15)
  A naga warrior (Snake:1)
  6 two-headed ogres
  An orc high priest (Orc:1)
  Urug (D:13)
  Sonja (Lair:4)
  2 shock serpents (Snake:1)
  2 naga sharpshooters (Snake:1)
  A fire crab (Lair:5)
  A swamp dragon (Lair:5)
  An orb spider (shapeshifter) (D:14)
  A naga ritualist (Snake:1)
  2 lindwurms (Lair:5)
  6 deep elf pyromancers
  An orc knight (Orc:1)
  A wizard (D:14)
  2 mana vipers (Snake:1)
  2 orc sorcerers
  A wolf spider (D:15)
  8 cyclopes
  8 ugly things
  2 salamanders
  2 manticores
  A guardian serpent (Snake:1)
  A merfolk siren (Lair:2)
  8 black mambas
  14 elephants
  5 naga magi (Snake:1)
  5 torpor snails (Lair:5)
  7 cane toads
  A gargoyle (D:14)
  An unseen horror (D:12)
  A yaktaur (D:15)
  5 rime drakes
  2 tengu conjurers
  3 kobold demonologists
  12 komodo dragons
  3 tyrant leeches (Lair:5)
  4 slime creatures
  7 trolls
  8 polar bears
  7 hornets (Lair:5)
  10 blink frogs
  A culicivora (shapeshifter) (D:14)
  A spriggan (Lair:2)
  2 shadows
  3 wraiths
  4 wyverns
  23 yaks
  Grum (D:11)
  4 vampire mosquitoes (D:12)
  2 basilisks
  17 nagas
  4 acid dragons
  20 water moccasins
  5 wargs (Orc:1)
  20 orc warriors
  A swamp drake (Lair:5)
  A sky beast (D:8)
  An ice beast (D:6)
  2 black bears
  5 boggarts (D:15)
  7 ogres
  25 wolves
  18 centaurs
  5 phantoms
  3 kobold brigands
  A gnoll sergeant (D:10)
  2 bullfrogs
  2 necrophages (D:7)
  3 scorpions
  9 wights
  2 jellies
  4 howler monkeys
  An electric eel (Lair:2)
  3 hounds
  6 orc priests
  A gnoll bouda (D:5)
  8 iguanas
  Natasha (thrice) (D:2)
  18 orc wizards
  7 hell rats (Lair:5)
  15 gnolls
  5 adders
  2 shadow imps
  A white imp (D:8)
  2 ufetubi
  3 dart slugs
  77 orcs
  3 bats
  4 endoplasms
  2 giant cockroaches
  9 goblins
  6 hobgoblins
  2 jackals (D:1)
  4 quokkas
  A ball python (D:3)
  5 frilled lizards
  14 kobolds
  6 rats
  A fulminant prism (Snake:1)
598 creatures vanquished.

Vanquished Creatures (collateral kills)
  A black mamba (Snake:1)
  An elephant (Lair:2)
  A wolf (D:11)
  A bullfrog (Lair:2)
4 creatures vanquished.

Vanquished Creatures (others)
  A bush (Lair:3)
  523 fulminant prisms
  53 fungi
  77 plants
654 creatures vanquished.

Grand Total: 1256 creatures vanquished

Table legend:
 A = Non-vault XP
 B = Vault XP
 C = Vault XP percentage of total XP
 D = Non-vault monster count
 E = Vault monster count
 F = Vault count percentage of total count
                 A         B        C        D         E       F
            +---------+---------+-------+---------+---------+-------
      Total |  100946 |   34590 |  25.5 |     500 |     101 |  16.8
            +---------+---------+-------+---------+---------+-------
        D:1 |      19 |       0 |   0.0 |      11 |       0 |   0.0
        D:2 |     146 |      41 |  21.9 |      18 |       4 |  18.2
        D:3 |      86 |       0 |   0.0 |      21 |       0 |   0.0
        D:4 |     438 |       0 |   0.0 |      22 |       0 |   0.0
        D:5 |     895 |       0 |   0.0 |      32 |       0 |   0.0
        D:6 |    1064 |       0 |   0.0 |      28 |       0 |   0.0
        D:7 |    1216 |       0 |   0.0 |      18 |       0 |   0.0
        D:8 |     948 |    1390 |  59.5 |      10 |       2 |  16.7
        D:9 |    2544 |      18 |   0.7 |      10 |       6 |  37.5
       D:10 |    3851 |       0 |   0.0 |      31 |       0 |   0.0
       D:11 |    2472 |     658 |  21.0 |       6 |       5 |  45.5
       D:12 |    5913 |     731 |  11.0 |      16 |       2 |  11.1
       D:13 |    5778 |    1751 |  23.3 |      20 |       2 |   9.1
       D:14 |   12277 |    5015 |  29.0 |      28 |       9 |  24.3
       D:15 |    6923 |    2969 |  30.0 |      15 |       4 |  21.1
     Lair:1 |    2682 |       0 |   0.0 |      11 |       0 |   0.0
     Lair:2 |    7738 |    1448 |  15.8 |      23 |       7 |  23.3
     Lair:3 |    5070 |    1811 |  26.3 |      18 |       4 |  18.2
     Lair:4 |    6552 |    1356 |  17.1 |      20 |       4 |  16.7
     Lair:5 |   11046 |   12544 |  53.2 |      44 |      36 |  45.0
    Snake:1 |   14487 |    2996 |  17.1 |      36 |       2 |   5.3
      Orc:1 |    8659 |     161 |   1.8 |      59 |       1 |   1.7
      Orc:2 |     142 |    1701 |  92.3 |       3 |      13 |  81.2
            +---------+---------+-------+---------+---------+-------

Illustrated notes

Table legend:
 A = Kills in this place as a percentage of kills in entire the game.
 B = Kills by you in this place as a percentage of kills by you in the entire game.
 C = Kills by friends in this place as a percentage of kills by friends in the entire game.
 D = Other kills in this place as a percentage of other kills in the entire game.
 E = Experience gained in this place as a percentage of experience gained in the entire game.
 F = Experience gained in this place divided by the number of levels of this place that you have seen.
                   A       B       C       D       E      F
               +-------+-------+-------+-------+-------+----------------------
         Total | 100.0 | 100.0 | 100.0 |   N/A | 100.0 | 5421.4
       Dungeon |  53.2 |  53.4 |  25.0 |   N/A |  42.2 | 3809.5
          Lair |  27.8 |  27.6 |  50.0 |   N/A |  37.1 | 10049.4
     Snake Pit |   6.3 |   6.2 |  25.0 |   N/A |  12.9 | 8741.5
  Orcish Mines |  12.6 |  12.7 |   0.0 |   N/A |   7.9 | 5331.5
               +-------+-------+-------+-------+-------+----------------------

Table legend: (Time is in decaauts)
 A = Elapsed time spent in this place.
 B = Non-inter-level travel time spent in this place.
 C = Inter-level travel time spent in this place.
 D = Time resting spent in this place.
 E = Time spent auto-exploring this place.
 F = Levels seen in this place.
 G = Mean time per level.
                   A        B        C        D        E       F      G
               +--------+--------+--------+--------+--------+-----+--------+
         Total |  30539 |  29272 |   1267 |   7207 |  16468 |  25 | 1221.6 |
       Dungeon |  18894 |  18051 |    843 |   3761 |  11305 |  15 | 1259.6 |
        Temple |     41 |     41 |      0 |      0 |      0 |   1 |   41.0 |
          Lair |   9724 |   9367 |    357 |   3275 |   4428 |   5 | 1944.8 |
     Snake Pit |   1018 |    993 |     25 |      8 |    446 |   2 |  509.0 |
  Orcish Mines |    861 |    821 |     40 |    163 |    289 |   2 |  430.5 |
               +--------+--------+--------+--------+--------+-----+--------+

Top non-repeatable levels by time:
  Lair:5: 2589 daAuts
     D:5: 2219 daAuts
  Lair:3: 2093 daAuts
  Lair:4: 1941 daAuts
     D:7: 1759 daAuts
  Lair:2: 1687 daAuts
     D:2: 1612 daAuts
     D:1: 1484 daAuts
  Lair:1: 1412 daAuts
     D:8: 1393 daAuts
     D:9: 1357 daAuts
    D:10: 1256 daAuts
     D:4: 1178 daAuts
    D:14: 1149 daAuts
    D:15: 1074 daAuts
